 Dungeon Crawl Stone Soup version 0.15-a0-1632-gd490d05 (webtiles) character file.

3056 ReteAZ the Skirmisher (level 9, -1/76 (79) HPs)
             Began as a Mottled Draconian Summoner on May 26, 2014.
             Was a Believer of Ashenzari.
             Killed from afar by Psyche (6 damage)
             ... with a magic dart
             ... on Level 8 of the Dungeon on June 21, 2014.
             The game lasted 01:06:46 (9051 turns).

ReteAZ the Skirmisher (Mottled Draconian Summoner)  Turns: 9051, Time: 01:06:49

HP  -1/76 (79)   AC 10     Str 11      XL: 9   Next: 57%
MP  14/14        EV 12     Int 16      God: Ashenzari [**....]
Gold 269         SH  0     Dex 14      Spells:  3 memorised,  4 levels left

rFire  . . .     SeeInvis .     d - +3 dagger (vamp) (curse)
rCold  . . .     Clarity  .     (armour unavailable)
rNeg   . . .     rCorr    .     (no shield)
rPois  .         rRot     .     (helmet restricted)
rElec  .         Spirit   .     w - +0 cloak (curse)
SustAb .         Warding  .     (no gloves)
rMut   .         Stasis   .     m - +1 pair of boots (curse)
Gourm  .                        (no amulet)
MR     .....                    (no ring)
                                n - cursed ring of teleport control

@: very slightly contaminated, not resistant to hostile enchantments, unstealthy
A: breathe sticky flames, unfitting armour, claws 1, screaming 1, no device heal
1, cold-blooded, AC +7
a: Breathe Sticky Flame, Renounce Religion, Evoke Teleport Control


You were on level 8 of the Dungeon.
You worshipped Ashenzari.
Ashenzari was pleased with you.
You were not hungry.

You visited 2 branches of the dungeon, and saw 9 of its levels.
You also visited: Ossuary.

You collected 269 gold pieces.

Inventory:

Hand weapons
 d - a cursed +3 vampiric dagger (weapon)
Missiles
 o - 8 tomahawks of returning (quivered)
 u - a throwing net
Armour
 m - a cursed +1 pair of boots (worn)
 w - a cursed +0 cloak (worn)
Magical devices
 r - a wand of magic darts (7)
 C - a wand of frost (13)
 E - a wand of teleportation (2)
Comestibles
 c - 9 bread rations
 f - a fruit
 p - a fruit
 q - 10 fruits
 G - 3 beef jerkies
 H - 7 slices of pizza
Scrolls
 a - 2 scrolls of curse jewellery
 e - a scroll of identify
 g - 2 scrolls of immolation
 h - 2 scrolls of curse weapon
 k - a scroll of recharging
 l - a scroll of curse armour
 v - a scroll of amnesia
 y - a scroll of remove curse
 B - a scroll of teleportation
 I - a scroll of enchant weapon
Jewellery
 n - a cursed ring of teleport control (left claw)
 x - an uncursed ring of sustain abilities
Potions
 i - a potion of brilliance
 j - a potion of lignification
 z - 2 potions of might
 A - a potion of berserk rage
 F - a potion of decay
Books
 b - a book of Callings

   Spells                             Type                      Level
   *Summon Small Mammal               Summoning                    1
   Call Imp                           Summoning                    2
   *Call Canine Familiar              Summoning                    3
   Summon Guardian Golem              Hexes/Summoning              4
   Summon Lightning Spire             Summoning/Air                4
   *Summon Ice Beast                  Ice/Summoning                4
 D - a book of Fire

   Spells                             Type                      Level
   Ignite Poison                      Fire/Transmutation           5
   Fireball                           Conjuration/Fire             5
   Bolt of Fire                       Conjuration/Fire             6
   Delayed Fireball                   Conjuration/Fire             7
   Ring of Flames                     Charms/Fire                  7


   Skills:
 + Level 7.3 Fighting
 - Level 7.2(9.5) Short Blades
 - Level 2.0 Dodging
 - Level 1.7 Stealth
 - Level 2.0 Spellcasting
 - Level 7.1 Summonings
 * Level 6.6 Ice Magic


You had 4 spell levels left.
You knew the following spells:

 Your Spells              Type           Power        Failure   Level  Hunger
a - Summon Small Mammal   Summ           ###.         1%          1    #......
b - Call Canine Familiar  Summ           ###.....     3%          3    ####...
c - Summon Ice Beast      Ice/Summ       ###.....     14%         4    #####..


Dungeon Overview and Level Annotations

Branches:
Dungeon (8/15)             Temple (1/1) D:5
   Lair: D:8-11

Altars:
Ashenzari
Dithmenos
Elyvilon
Fedhas
Kikubaaqudgha
Makhleb
Vehumet
Yredelemnul

Annotations:
D:8 Psyche


Innate Abilities, Weirdness & Mutations

You can spit globs of burning liquid.
You can ignite nearby creatures when you spit burning liquid.
Your weird mottled scales are hard (AC +7).
Your body does not fit into most forms of armour.
Your cold-blooded metabolism reacts poorly to cold.
You have sharp fingernails.
You occasionally shout uncontrollably at your foes.
Potions and wands are less effective at restoring your health.


Message History

The adder bites you but does no damage.
You feel sick.
You are no longer poisoned.
The adder closely misses you.
The orc zombie hits you but does no damage.
The adder closely misses you.
Read which item? (? for menu, Esc to quit)
As you read the scroll of teleportation, it crumbles to dust.
You feel strangely unstable. The adder barely misses you. The adder misses you.
Drink which item? (? for menu, Esc to quit)
Okay, then.
The crimson imp blinks!
The orc zombie hits you but does no damage.
Your surroundings suddenly seem different.
Psyche the Insane Magess comes into view.
Ashenzari warns you: She is wielding a dagger of chaos.
Psyche shouts!
Psyche points at you and mumbles some strange words.
The magic dart hits you!
You die...

, , , , *
,,,. * , ,
* , ,... ,
,, .... ,
, ..... ,
,, * *, *
###@......
, , *
#@..?.....
, *
#.#.......
, , , ** ,
..# .....
, * ,, ,
.### ....
,, + ,..*
### , , ..
* .#..5 ,
, #..
....# , .
* ,#... ,
#.,


You could see Psyche.

Vanquished Creatures
  A hog (D:7)
  A hippogriff (D:7)
  Menkaure (D:5)
  A black bear (D:7)
  2 sky beasts (D:7)
  An ogre (D:5)
  2 elf zombies (Ossuary)
  A centaur (D:5)
  A gnoll sergeant (D:6)
  5 giant frogs
  A scorpion (D:6)
  3 killer bees (D:7)
  A quasit (D:7)
  A giant frog zombie (D:6)
  A centaur zombie (Ossuary)
  A jelly (D:6)
  2 crimson imps
  A goliath beetle (D:6)
  4 orc priests
  2 hounds
  4 orc wizards
  7 worker ants
  2 sheep (D:7)
  2 mummies (Ossuary)
  A hound skeleton (D:5)
  9 gnolls
  9 orc zombies
  9 adders
  2 big fish zombies (D:2)
  A worm zombie (D:5)
  2 worms (D:5)
  4 adder zombies (Ossuary)
  3 giant geckos
  12 orcs
  14 goblins
  15 hobgoblins
  9 jackals
  11 kobolds
  4 quokkas
  A ball python (D:4)
  7 bats
  A giant cockroach (D:1)
  8 giant newts
  A goblin zombie (Ossuary)
  A hobgoblin skeleton (D:6)
  7 hobgoblin zombies (Ossuary)
  11 kobold zombies (Ossuary)
  9 rats
  2 rat zombies (D:5)
201 creatures vanquished.

Vanquished Creatures (collateral kills)
  Grinder (D:6)
  A human (D:7)
  2 phantoms
  An ogre (D:6)
  2 killer bees (D:7)
  3 crimson imps
  A human zombie (Ossuary)
  A jelly (D:7)
  A quasit (D:4)
  A sheep (D:7)
  An adder (D:2)
  A gnoll (D:4)
  A giant mite (D:2)
  A worm (D:4)
  An adder zombie (Ossuary)
  A giant gecko (D:1)
  An ooze (D:3)
  An orc (D:3)
  2 goblins
  A hobgoblin (D:1)
  A giant newt (D:1)
  A hobgoblin zombie (Ossuary)
  4 kobolds
  A rat skeleton (D:6)
32 creatures vanquished.

Vanquished Creatures (others)
  3 ice beasts
  10 hounds
  3 quokkas (D:2)
  4 bats (D:2)
  3 rats
23 creatures vanquished.

Grand Total: 256 creatures vanquished

Notes
Turn   | Place    | Note
--------------------------------------------------------------
     0 | D:1      | ReteAZ, the Draconian Summoner, began the quest for the Orb.
     0 | D:1      | Reached XP level 1. HP: 14/14 MP: 3/3
   309 | D:1      | Reached XP level 2. HP: 19/22 MP: 4/4
   316 | D:1      | Reached skill level 1 in Fighting
   950 | D:2      | Reached XP level 3. HP: 16/30 MP: 4/6
   969 | D:2      | Found a basalt altar of Yredelemnul.
  1309 | D:2      | Found a burning altar of Makhleb.
  1570 | D:2      | Reached XP level 4. HP: 36/38 MP: 5/7
  1587 | D:2      | Found a white marble altar of Elyvilon.
  1613 | D:2      | Found a radiant altar of Vehumet.
  2071 | D:3      | Reached skill level 1 in Short Blades
  2264 | D:3      | Reached skill level 5 in Summonings
  2276 | D:3      | Learned a level 3 spell: Call Canine Familiar
  2355 | D:3      | Reached XP level 5. HP: 30/45 MP: 9/9
  3010 | D:3      | Reached XP level 6. HP: 35/51 MP: 6/10
  3060 | D:4      | Noticed an orc warrior
  3273 | D:4      | Found a blossoming altar of Fedhas.
  3629 | D:4      | Found a shattered altar of Ashenzari.
  3673 | D:4      | Reached skill level 6 in Summonings
  3998 | D:4      | Became a worshipper of Ashenzari the Shackled
  4231 | D:4      | Found an ancient bone altar of Kikubaaqudgha.
  4497 | D:4      | Your scales start taking on a weird mottled pattern.
  4497 | D:4      | Reached XP level 7. HP: 57/57 MP: 12/12
  4638 | D:5      | Entered Level 5 of the Dungeon
  4638 | D:5      | Found a staircase to the Ecumenical Temple.
  4752 | D:5      | Noticed Menkaure
  4908 | D:5      | Found a shadowy altar of Dithmenos.
  4946 | D:5      | Found a sand-covered staircase.
  4954 | Ossuary  | Entered an ossuary
  4955 | Ossuary  | Upgraded the game from 0.15-a0-1015-g702813b to 0.15-a0-1632-gd490d05
  5243 | Ossuary  | Reached skill level 7 in Summonings
  5259 | Ossuary  | Reached skill level 5 in Short Blades
  5942 | Temple   | Entered the Ecumenical Temple
  6109 | D:5      | Reached XP level 8. HP: 42/67 MP: 7/13
  6164 | D:5      | Killed Menkaure
  6395 | D:6      | Reached skill level 5 in Fighting
  6411 | D:6      | Learned a level 4 spell: Summon Ice Beast
  6429 | D:6      | Noticed Grinder
  6448 | D:6      | Paralysed by Grinder for 3 turns
  6805 | D:6      | Reached skill level 1 in Ice Magic
  7213 | D:6      | Killed Grinder
  7703 | D:6      | Reached XP level 9. HP: 71/75 MP: 14/14
  7942 | D:7      | Gained mutation: Potions and wands are less effective at restoring your health. [potion of mutation]
  7942 | D:7      | Gained mutation: You occasionally shout uncontrollably at your foes. [potion of mutation]
  7942 | D:7      | Gained mutation: You have sharp fingernails. [potion of mutation]
  8338 | D:7      | Found a burning altar of Makhleb.
  8387 | D:7      | Reached skill level 5 in Ice Magic
  8854 | D:7      | Acquired Ashenzari's first power
  8963 | D:8      | Noticed a hill giant
  8980 | D:8      | Noticed a hill giant
  9051 | D:8      | Noticed Psyche
  9051 | D:8      | Killed from afar by Psyche

Action                   |  1- 3 |  4- 6 |  7- 9 || total
-------------------------+-------+-------+-------++-------
Melee: Dagger            |   174 |   368 |   743 ||  1285
       Unarmed           |    13 |       |       ||    13
Throw: Tomahawk          |       |    35 |       ||    35
 Cast: Summon Small Mamm |    22 |     3 |       ||    25
       Call Canine Famil |       |    10 |    25 ||    35
       Summon Ice Beast  |       |       |     4 ||     4
 Abil: Breathe Sticky Fl |       |       |    28 ||    28
       Evoke Teleport Co |       |       |     1 ||     1
Evoke: Wand              |       |       |     7 ||     7
  Use: Scroll            |     3 |     4 |    16 ||    23
       Potion            |       |       |     8 ||     8
 Stab: Distracted        |     1 |     1 |     6 ||     8
